 Dungeon Crawl Stone Soup version 0.31.0-12-g77e489cdc1 (webtiles) character file.

Game seed: 2764789101679599395

509 Goblin1989 the Cudgeller (level 6, -4/48 HPs)
             Began as a Demonspawn Delver on Feb 16, 2024.
             Was a Follower of Okawaru.
             Killed from afar by an orc wizard (9 damage)
             ... with a magic dart
             ... on level 5 of the Dungeon.
             The game lasted 00:10:31 (3788 turns).

Goblin1989 the Cudgeller (Demonspawn Delver)        Turns: 3788, Time: 00:10:31

Health: -4/48      AC:  8    Str: 13 (15) XL:     6   Next: 98%
Magic:  6/6        EV: 12    Int:  8 (10) God:    Okawaru [*.....]
Gold:   121        SH:  0    Dex: 13 (14) Spells: 5/5 levels left

rFire   . . .        a - +0 dire flail
rCold   . . .        (shield currently unavailable)
rNeg    . . .        H - +1 scale mail {rPois}
rPois   +            (no helmet)
rElec   .            (no cloak)
rCorr   .            i - +0 pair of gloves
SInv    .            (no boots)
Will    .....        (no amulet)
Stlth   +            (no ring)
HPRegen 0.28/turn    (no ring)
MPRegen 0.10/turn

%: no passive effects
@: no status effects
A: repulsion field 2, foul stench 1, spiny 1
a: Renounce Religion, Heroism


You were on level 5 of the Dungeon.
You worshipped Okawaru.
Okawaru was aware of your devotion.
You visited 1 branch of the dungeon, and saw 6 of its levels.

You collected 209 gold pieces.
You spent 88 gold pieces at shops.

Inventory:

Hand Weapons
 a - a +0 dire flail (weapon)
 b - a +0 morningstar
Armour
 i - a +0 pair of gloves (worn)
 u - a +0 plate armour
 H - a +1 scale mail of poison resistance (worn)
Jewellery
 m - a ring of resist corrosion
 r - a ring of fire
Talismans
 y - a talisman of death
Wands
 g - a wand of digging (3) {@v3}
 l - a wand of mindburst (6)
 B - a wand of polymorph (8)
Scrolls
 c - 3 scrolls of fog
 d - 2 scrolls of revelation
 h - 4 scrolls of identify {unknown}
 q - 3 scrolls of teleportation {!r, @r2}
 w - 2 scrolls of brand weapon {unknown}
 z - a scroll of enchant armour {unknown}
 C - a scroll of poison {unknown}
 D - a scroll of noise
 E - a scroll of fear
 I - a scroll of immolation {unknown}
Potions
 f - a potion of haste {@q3,}
 p - a potion of resistance {@q5}
 t - 2 potions of heal wounds {unknown}
 v - a potion of degeneration
 x - a potion of berserk rage {unknown}
 A - a potion of mutation {unknown}
 F - 2 potions of magic {unknown}


   Skills:
 + Level 3.6 Fighting
 * Level 6.0 Maces & Flails
 + Level 1.6 Armour
 + Level 2.5 Dodging
 - Level 4.5 Stealth
 + Level 0.3 Invocations


You had 5 spell levels left.
You didn't know any spells.
Your spell library contained the following spells:

 Spells                   Type           Power      Damage    Failure   Level
 Foxfire                  Conj/Fire      0%         2x1d4     90%         1
 Slow                     Hex            0%         N/A       90%         1
 Sublimation of Blood     Necr           0%         N/A       97%         2
 Confusing Touch          Hex            0%         N/A       99%         3
 Sigil of Binding         Hex            0%         N/A       99%         3
 Vampiric Draining        Necr           0%         2d6       99%         3
 Plasma Beam              Fire/Air       0%         2x1d10    100%        6
 Starburst                Conj/Fire      0%         6d3       100%        6
 Call Imp                 Summ           Unusable   N/A       N/A         2
 Summon Hydra             Summ           Unusable   N/A       N/A         7

Dungeon Overview and Level Annotations

Branches:
Dungeon (6/15) Zot: 26951
 Temple: D:4-7

Altars:
Okawaru

Shops:
D:2 =[[   D:4 *

Annotations:
D:5 1 runed translucent door, Crazy Yiuf


Innate Abilities, Weirdness & Mutations

You are surrounded by a moderate repulsion field. (EV +3)
You may rarely emit foul miasma when damaged in melee.
You are partially covered in sharp spines.


Message History

Okawaru accepts your kill.
The orc wizard gestures at you while chanting.
The magic dart hits you.
* * * LOW HITPOINT WARNING * * *
You feel your intelligence returning.
You take 12 damage, and have 13/45 hp.
MASSIVE DAMAGE!!
The orc wizard points at you and mumbles some strange words.
The puff of flame misses you.
You closely miss something.
The orc wizard hits you with a +0 dagger.
* * * LOW HITPOINT WARNING * * *
Something hits you.
* * * LOW HITPOINT WARNING * * *
You take 3 damage, and have 10/45 hp.
Something hits you but does no damage. Something completely misses you.
An adder comes into view.
You feel less confused.
The adder hisses angrily.
The orc wizard points at you and mumbles some strange words.
The magic dart hits you.
* * * LOW HITPOINT WARNING * * *
You take 3 damage, and have 7/45 hp.
The orc wizard closely misses you.
The orc wizard points at you and mumbles some strange words.
The puff of flame hits you but does no damage.
There is a stone staircase leading up here.
The orc wizard is struck by your spines.
The orc wizard closely misses you. Something hits you but does no damage.
The orc wizard gestures at you while chanting.
You resist with some effort.
You climb upwards.
Level annotation: 1 runed translucent door, Crazy Yiuf Reactivating autopickup.
There is a stone staircase leading down here.
The orc wizard hits you with a +0 dagger.
* * * LOW HITPOINT WARNING * * *
The orc wizard casts a spell.
The orc wizard flickers and vanishes!
Deactivating autopickup; reactivate with Ctrl-A.
The orc wizard attacks as it pursues you!
The orc wizard hits you with a +0 dagger.
* * * LOW HITPOINT WARNING * * *
You take 1 damage, and have 7/45 hp.
The orc wizard gestures at you while chanting.
You are confused.
You bump into the rock wall.
You bump into the rock wall.
Something barely misses you.
You hear some strange, mumbled words.
A puff of flame appears from out of thin air!
The puff of flame misses you. The orc wizard casts a spell at you.
The puff of flame hits something!
Reactivating autopickup.
You feel a bit more experienced.
You bump into the rock wall.
Okawaru accepts your kill.
You feel a bit more experienced.
Your life force feels restored.
Your Maces & Flails skill increases to level 6!
You bump into the rock wall.
The orc wizard points at you and mumbles some strange words.
The magic dart hits you.
* * * LOW HITPOINT WARNING * * *
You take 5 damage, and have 4/48 hp.
You bump into the rock wall.
The orc wizard hits you with a +0 dagger.
* * * LOW HITPOINT WARNING * * *
You take 1 damage, and have 3/48 hp.
You feel less confused.
You closely miss the orc wizard.
The orc wizard hits you but does no damage.
You closely miss the orc wizard.
The orc wizard casts a spell.
The orc wizard flickers and vanishes!
Deactivating autopickup; reactivate with Ctrl-A.
You barely miss something. Something hits you but does no damage.
You hit something. Something hits you but does no damage.
You miss something. Something hits you but does no damage.
You miss something. Something barely misses you.
You miss something. Something hits you but does no damage.
You miss something. Something hits you but does no damage.
You hit something but do no damage. Something hits you but does no damage.
You miss something. Something hits you but does no damage.
You miss something.
You hear some strange, mumbled words.
A magic dart appears from out of thin air!
The magic dart hits you.
* * * LOW HITPOINT WARNING * * *
You take 1 damage, and have 5/48 hp.
You miss something.
You hear some strange, mumbled words.
Something tries to affect you, but you resist.
You barely miss something. Something hits you but does no damage.
You barely miss something.
You hear some strange, mumbled words.
A magic dart appears from out of thin air!
The magic dart hits you!
You die...

PP.█ █.........██▲████.█
...█ █......^..██.████.█
..▲█ █.................█
...███.........██.██████
..█.██.........██.███████
....████∆███............█
.............>.))█.████.█
.........███..██{█.█....█
█.█.██████ █..██@█.█.████
..█.█ █..██.█.█.█ ███.█
██████..██.█.█.█ █.█
█.......██.█.█.█ █.█
█.......██.█.█.█ █ █.█
█.......██.█.█.█ █ █.█
█.....█.██.█.█.█ █ █.█
█.........[█.█.█ █.█
█..████.████.█.█


There were no monsters in sight!

Vanquished Creatures
  A scorpion (D:5)
  A hound (D:4)
  A jelly (D:5)
  2 orc priests
  2 iguanas (D:5)
  Terence (D:2)
  3 orc wizards
  4 gnolls (D:5)
  3 adders
  4 ufetubi (D:5)
  2 dart slugs (D:5)
  A ribbon worm (D:3)
  5 orcs
  10 ball pythons
  6 endoplasms
  4 giant cockroaches
  3 goblins
  4 hobgoblins
  4 jackals (D:1)
  2 quokkas
  A bat (D:2)
  2 frilled lizards
  8 kobolds
  7 rats
81 creatures vanquished.

Vanquished Creatures (others)
  An orc wizard (D:5)
1 creature vanquished.

Grand Total: 82 creatures vanquished

Notes
Turn   | Place    | Note
-------+----------+-------------------------------------------
     0 | D:5      | Goblin1989 the Demonspawn Delver began the quest for the
                  | Orb.
     0 | D:5      | Reached XP level 1. HP: 18/18 MP: 1/1
    65 | D:5      | Noticed a scorpion
    66 | D:5      | Noticed an iguana
   181 | D:3      | Reached skill level 2 in Maces & Flails
   191 | D:3      | Found an iron altar of Okawaru.
   213 | D:3      | Gained mutation: You are surrounded by a mild repulsion
                  | field. (EV +2) [demonic ancestry]
   213 | D:3      | Reached XP level 2. HP: 22/24 MP: 2/2
   232 | D:3      | Became a worshipper of Warmaster Okawaru
   325 | D:2      | Noticed Terence
   438 | D:2      | Killed Terence
   439 | D:2      | Reached skill level 3 in Maces & Flails
   439 | D:2      | Gained mutation: You are surrounded by a moderate repulsion
                  | field. (EV +3) [demonic ancestry]
   439 | D:2      | Reached XP level 3. HP: 13/29 MP: 3/3
   615 | D:2      | Found Ekluru's Antique Armour Shop.
   635 | D:2      | Found Tado's Armour Boutique.
  1199 | D:1      | Gained mutation: You may rarely emit foul miasma when
                  | damaged in melee. [demonic ancestry]
  1199 | D:1      | Reached XP level 4. HP: 32/35 MP: 4/4
  1398 | D:1      | Reached skill level 4 in Maces & Flails
  1980 | D:2      | Found Qenupsuo's Jewellery Emporium.
  2149 | D:3      | Reached XP level 5. HP: 35/41 MP: 5/5
  2266 | D:3      | Identified the +12 dagger of Wuitip {holy, rC+ Will+ Int+3}
  2441 | D:4      | Reached skill level 5 in Maces & Flails
  2477 | D:4      | Found Xacrues's General Store.
  2481 | D:4      | Bought a scroll of teleportation for 33 gold pieces
  2481 | D:4      | Bought a scroll of noise for 11 gold pieces
  2481 | D:4      | Bought a scroll of fear for 44 gold pieces
  2936 | D:5      | Gained mutation: You are partially covered in sharp spines.
                  | [demonic ancestry]
  2936 | D:5      | Reached XP level 6. HP: 19/47 MP: 6/6
  3287 | D:5      | Reached skill level 1 in Armour
  3392 | D:5      | Reached * piety under Okawaru
  3672 | D:5      | Found a runed translucent door.
  3673 | D:5      | Noticed Crazy Yiuf
  3772 | D:5      | Reached skill level 6 in Maces & Flails
  3788 | D:5      | Killed from afar by an orc wizard

Illustrated notes

Levels and vault maps discovered:
D:1:      shiori_shiawase, layout_basic
D:2:      layout_loops_ring, serial_shops, nicolae_shop_behind_doors,
          nicolae_shop_tiny_statue_garden, nicolae_shop_window_shopping,
          grunt_decor_one_mirror, uniq_terence
D:3:      layout_rooms, kennysheep_okawaru_gauntlet, serial_park_tiny_1,
          chequers_serial_rivers_micro_e
D:4:      layout_basic, serial_shops, shop
D:5:      layout_basic, uniq_crazy_yiuf_cottage
D:6:      nicolae_whirlpool, layout_basic, temple_hall, serial_shops,
          nicolae_shop_drivethru, nicolae_shop_crystal, shop, shop,
          kennysheep_generic_room_9

Skill      XL: |  1  2  3  4  5  6 |
---------------+-------------------+-----
Maces & Flails | 2 3 4 5 6 |  6.0
Dodging        | 2 |  2.5
Armour         | 1 |  1.6
Fighting       | |  3.6
Stealth        | |  4.5
Invocations    | |  0.3

Action                     |  1- 3 |  4- 6 || total
---------------------------+-------+-------++-------
  Melee: Mace              |   117 |    77 ||   194
         Punch             |     3 |     1 ||     4
         Morningstar       |       |    18 ||    18
         Dire flail        |       |    83 ||    83
 Invoke: Heroism           |       |     1 ||     1
    Use: Scroll            |     1 |       ||     1
         Potion            |       |     4 ||     4
   Stab: Sleeping          |     6 |     4 ||    10
         Distracted        |       |     1 ||     1
 Armour: Ring mail         |    77 |    39 ||   116
         Scale mail        |       |   129 ||   129
  Dodge: Dodged            |   107 |   175 ||   282
